 Dungeon Crawl Stone Soup version 0.29.1-1-gd02db6906a (webtiles) character file.

Game seed: 4577266303618872423

66 Doomgape the Digger (level 4, -6/24 HPs)
             Began as a Gargoyle Earth Elementalist on Sept 18, 2022.
             Mangled by a worm (9 damage)
             ... on level 2 of the Dungeon.
             The game lasted 00:06:17 (2076 turns).

Doomgape the Digger (Gargoyle Earth Elementalist)   Turns: 2076, Time: 00:06:17

Health: -6/24      AC:  5    Str: 12    XL:     4   Next: 15%
Magic:  1/8        EV: 11    Int: 17    God:
Gold:   108        SH:  0    Dex: 10    Spells: 3/9 levels left

rFire   . . .      SeeInvis .   (no weapon)
rCold   . . .      Faith    .   (no shield)
rNeg    + . .      Spirit   .   a - +0 robe
rPois   ∞          Reflect  .   (no helmet)
rElec   +          Harm     .   (no cloak)
rCorr   .          Rampage  .   (no gloves)
Will    .....                   (no boots)
Stlth   +.........              (no amulet)
HPRegen 0.08/turn               (no ring)
MPRegen 0.11/turn               (no ring)

@: silenced
A: sickness immunity, AC +3, negative energy resistance 1, electricity
resistance, torment resistance 1, petrification resistance
a: no special abilities


You were on level 2 of the Dungeon.
You visited 1 branch of the dungeon, and saw 2 of its levels.

You collected 108 gold pieces.

Inventory:

Armour
 a - a +0 robe (worn)
Scrolls
 i - a scroll of identify
Potions
 b - a potion of magic
 g - a potion of mutation {unknown}


   Skills:
 - Level 1.5 Dodging
 - Level 2.1 Stealth
 + Level 3.1 Spellcasting
 - Level 1.0 Transmutations
 + Level 4.8 Earth Magic


You had 3 spell levels left.
You knew the following spells:

 Your Spells              Type           Power      Damage    Failure   Level
a - Sandblast             Erth           38%        2d10      2%          1
b - Stone Arrow           Conj/Erth      20%        3d8       19%         3
c - Passwall              Tmut/Erth      10%        N/A       8%          2

Your spell library contained the following spells:

 Spells                   Type           Power      Damage    Failure   Level
 Apportation              Tloc           4%         N/A       17%         1
 Necrotise                Necr           8%         1d4       17%         1
 Summon Small Mammal      Summ           8%         N/A       17%         1
 Petrify                  Tmut/Erth      12%        N/A       45%         4


Dungeon Overview and Level Annotations

Branches:
Dungeon (2/15)

Altars:

Annotations:
D:1 Terence
D:2 Sigmund


Innate Abilities, Weirdness & Mutations

You are immune to sickness and miasma.
Your stone body is resilient. (AC +3)
You are immune to poison.
You resist negative energy. (rN+)
You are resistant to electric shocks. (rElec)
You are resistant to unholy torment.
You are immune to petrification.


Message History

The worm is severely wounded.
You hit the worm.
The worm is almost dead.
The worm bites you!
You barely miss the worm.
The worm is severely wounded.
The worm bites you.
* * * LOW HITPOINT WARNING * * *
Casting: Sandblast (safe; 2% risk of failure)
Confirm with . or Enter, or press ? or * to list all spells.
Aiming: Sandblast (safe; 2% risk of failure)
Press: ? - help, Shift-Dir - straight line, f/p - worm
Aim: a worm (severely wounded, 94% to hit)
The blast of sand hits the worm.
The worm is almost dead.
The worm bites you.
* * * LOW HITPOINT WARNING * * *
A worm comes into view.
Casting: Sandblast (safe; 2% risk of failure)
Confirm with . or Enter, or press ? or * to list all spells.
Aiming: Sandblast (safe; 2% risk of failure)
Press: ? - help, Shift-Dir - straight line, f/p - worm
Aim: a worm (heavily wounded, 94% to hit)
The blast of sand hits the worm.
The worm is almost dead.
As you read the scroll labelled TISUMA GIQOSEF, it crumbles to dust.
A profound silence engulfs you.
It was a scroll of silence.
You barely miss the worm. The worm bites you but does no damage.
The worm bites you but does no damage.
You hit the worm but do no damage.
The worm is severely wounded.
You hit the worm.
The worm is severely wounded.
The worm misses you. x2
You barely miss the worm.
The worm is severely wounded.
You hit the worm but do no damage.
The worm is severely wounded.
The worm bites you!
You die...

##...#.#.#....##..#
##..#
.......#w.....##.##
#..# ######............
.... #.######.....
#..#. #.# ..###.. .##..
####.#### ... # #
#.......# ##.. .#
#.......#########..##..
#............w@w......#
#.......#############..
#......<# #.......#
#########


You could see 2 worms.

Vanquished Creatures
  A gnoll (D:1)
  2 adders
  A ball python (D:2)
  7 bats
  3 endoplasms
  A giant cockroach (D:2)
  5 hobgoblins
  2 quokkas (D:1)
  3 frilled lizards
  3 goblins
  6 kobolds
34 creatures vanquished.

Notes
Turn   | Place    | Note
-------+----------+-------------------------------------------
     0 | D:1      | Doomgape the Gargoyle Earth Elementalist began the quest
                  | for the Orb.
     0 | D:1      | Reached XP level 1. HP: 10/10 MP: 3/3
   256 | D:1      | Reached skill level 1 in Transmutations
   328 | D:1      | Reached XP level 2. HP: 15/15 MP: 3/5
   492 | D:1      | Reached skill level 4 in Earth Magic
   539 | D:1      | Found a faded altar of an unknown god.
   701 | D:1      | Reached XP level 3. HP: 19/19 MP: 2/6
  1108 | D:2      | Noticed Sigmund
  1233 | D:1      | Learned a level 3 spell: Stone Arrow
  1236 | D:1      | Learned a level 2 spell: Passwall
  1327 | D:2      | Noticed Terence
  1929 | D:1      | Reached XP level 4. HP: 24/24 MP: 2/8
  2076 | D:2      | Mangled by a worm

Illustrated notes

Levels and vault maps discovered:
D:1:      pf_arrival_petrified_forest, layout_loops_ring,
          shapermc_ecumenical_altar_ellora
D:2:      layout_rooms, basic_altar, minmay_joined_circles, uniq_terence,
          uniq_sigmund, uniq_crazy_yiuf_cottage

Skill      XL: |  1  2  3 |
---------------+----------+-----
Transmutations | 1 |  1.0
Earth Magic    | 4 |  4.8
Spellcasting   | 3 |  3.1
Dodging        | |  1.5
Stealth        | |  2.1

Action                   |  1- 3 |  4- 6 || total
-------------------------+-------+-------++-------
Melee: Unarmed           |       |    19 ||    19
 Cast: Sandblast         |    46 |    15 ||    61
  Use: Scroll            |     7 |     1 ||     8
       Potion            |     2 |       ||     2
Armor: Robe              |     6 |     7 ||    13
Dodge: Dodged            |    16 |    18 ||    34
